 Dungeon Crawl Stone Soup version 0.14-a0-1036-g6cac21b (webtiles) character file.

41 MackTheKnife the Digger (level 1, -2/11 HPs)
             Began as a Gargoyle Wanderer on Nov 24, 2013.
             Slain by a goblin (3 damage)
             ... on Level 1 of the Dungeon.
             The game lasted 00:00:39 (441 turns).

MackTheKnife the Digger (Gargoyle Wanderer)          Turns: 441, Time: 00:00:39

HP  -2/11        AC  5     Str 17      XL: 1   Next: 60%
MP   2/2         EV 11     Int 13      God:
Gold 37          SH  0     Dex  6      Spells:  1 memorised,  3 levels left

Res.Fire  : . . .   See Invis. : .   (no weapon)
Res.Cold  : . . .   Warding    : .   b - +0 robe
Life Prot.: + . .   Conserve   : .   (no shield)
Res.Poison: +       Res.Corr.  : .   (no helmet)
Res.Elec. : +       Clarity    : .   (no cloak)
Sust.Abil.: . .     Spirit.Shd : .   g - +0 pair of elf gloves
Res.Mut.  : .       Stasis     : .   (no boots)
Res.Rott. : +       Flight     : .   (no amulet)
Saprovore : . . .                    (no ring)
                                     (no ring)

@: not resistant to hostile enchantments, very unstealthy
A: life protection 1, electricity resistance, unbreathing, petrification
resistance, AC +2
a: no special abilities


You were on level 1 of the Dungeon.
You were not hungry.

You visited 1 branch of the dungeon, and saw 1 of its levels.

You collected 37 gold pieces.


Innate Abilities, Weirdness & Mutations

You are resistant to torment.
You are immune to poison.
Your stone body is very resilient (AC +2).
You resist negative energy.
You are resistant to electric shocks.
You can survive without breathing.
You are immune to petrification.


   Skills:
 + Level 2.4 Fighting
   Level 1.0 Axes
 + Level 2.1 Spellcasting
   Level 3.6 Earth Magic
   Level 2.0 Invocations


You had 3 spell levels left.
You knew the following spells:

 Your Spells              Type           Power        Failure   Level  Hunger
z - Flame Tongue          Conj/Fire      #....        24%         1    ##.....

Inventory:

Hand weapons
 c - a +0,+0 club
Armour
 b - a +0 robe (worn)
 g - a +0 pair of elven gloves (worn)
Comestibles
 d - a bread ration
Scrolls
 e - a scroll of enchant weapon II {unknown}
 f - a scroll of curse jewellery {unknown}
Books
 a - a book of Geomancy

   Spells                             Type                      Level
   Sandblast                          Earth                        1
   Stoneskin                          Transmutation/Earth          2
   Passwall                           Transmutation/Earth          3
   Stone Arrow                        Conjuration/Earth            3
   Petrify                            Transmutation/Earth          4
   Lee's Rapid Deconstruction         Earth                        5

▒·▒···▒
▒▒▒▒▒▒▒▒▒▒
▒·▒···· ··· ▒·▒·
· ··· ▒·▒ ···
▒·▒▒▒▒▒▒▒▒▒·▒▒▒▒
▒···············
▒▒▒··········▒
▒·····l····▒
▒·····)9?··▒
▒▒▒▒▒▒g·········
▒·········
▒·········
+·········
▒······▒▒
▒······· ▒······
▒▒··


You could see a goblin and a giant newt.


Message History

The goblin hits you but does no damage.
The giant newt bites you but does no damage.
The goblin completely misses you.
You hit the goblin but do no damage.
The goblin is severely wounded.
The goblin barely misses you. The giant newt barely misses you.
The goblin barely misses you.
You hit the goblin.
The goblin is almost dead.
The goblin hits you but does no damage. The giant newt barely misses you.
The goblin misses you.
You closely miss the goblin.
The goblin is almost dead.
The goblin hits you with a dagger.
* * * LOW HITPOINT WARNING * * *
The giant newt closely misses you. The goblin hits you but does no damage.
You hit the goblin but do no damage.
The goblin is almost dead.
The goblin barely misses you.
The giant newt bites you but does no damage.
The goblin hits you but does no damage.
You hit the goblin.
You kill the goblin!
The giant newt barely misses you. The goblin misses you. The goblin hits you.
* * * LOW HITPOINT WARNING * * *
The giant newt completely misses you.
You see here a dagger.
The giant newt closely misses you. The goblin hits you.
You die...

Action                   || total
-------------------------++-------
Melee: Club              ||    17
       Unarmed           ||    14

Vault maps used:
D:1:      dpeg_entry_caged_fury

Notes
Turn   | Place    | Note
--------------------------------------------------------------
     0 | D:1      | MackTheKnife, the Gargoyle Wanderer, began the quest for the Orb.
     0 | D:1      | Reached XP level 1. HP: 11/11 MP: 2/2
     0 | D:1      | Noticed a jelly
   440 | D:1      | HP: 1/11 [goblin (1)]
   441 | D:1      | Slain by a goblin

Vanquished Creatures
  An ooze (D:1)
  A goblin (D:1)
  A giant newt (D:1)
3 creatures vanquished.
